| TOP OF THE 1ST |
|
Chicago (NYP) White Sox batting - Pitching for Everett AquaSox : RHP Jose Albarran
|
|
Pitching: RHP Jose Albarran
|
|
|
Batting: SHB Tomas Caldera
|
0-0: Ball 1-0: Ball 2-0: Ball 3-0: Called Strike 3-1: Foul Ball, location: 2F 3-2: Strikes out swinging
|
|
Batting: RHB Bastiaan Leenders
|
0-0: Ball 1-0: Called Strike 1-1: Swinging Strike 1-2: Ball 2-2: Foul Ball, location: 2F 2-2: Reached on error, E4 (Groundball, 4, EV 84.4 MPH)
|
|
Batting: SHB Veit Geisler
|
0-0: Swinging Strike 0-1: Called Strike 0-2: Ball 1-2: Ball Bastiaan Leenders steals 2nd base 2-2: Ball Wild Pitch! Bastiaan Leenders to third 3-2: Strikes out swinging
|
|
Batting: RHB Tony Garcia
|
0-0: Fly out, F9 (Flyball, 9, EV 93.1 MPH)
|
| Top of the 1st over - 0 runs, 0 hits, 1 error, 1 left on base; Chicago (NYP) 0 - Everett 0 |
| BOTTOM OF THE 1ST |
|
Everett AquaSox batting - Pitching for Chicago (NYP) White Sox : LHP Amari Miller
|
|
Pitching: LHP Amari Miller
|
|
|
Batting: RHB Antonio Oyola
|
0-0: Ball 1-0: Foul Ball, location: 2F 1-1: Ball 2-1: Ground out 6-3 (Groundball, 6D, EV 94.4 MPH)
|
|
Batting: RHB Eddie Luna
|
0-0: Called Strike 0-1: Ball 1-1: Ball 2-1: Swinging Strike 2-2: Fly out, F8 (Flyball, 8LS, EV 88.1 MPH)
|
|
Batting: LHB Chris Jackson
|
0-0: Called Strike 0-1: Foul Ball, location: 2F 0-2: Fly out, F8 (Flyball, 78XD, EV 107.5 MPH)
|
| Bottom of the 1st over - 0 runs, 0 hits, 0 errors, 0 left on base; Chicago (NYP) 0 - Everett 0 |
| TOP OF THE 2ND |
|
Chicago (NYP) White Sox batting - Pitching for Everett AquaSox : RHP Jose Albarran
|
|
Batting: RHB Tyrell Camp
|
0-0: Foul Ball, location: 2F 0-1: Swinging Strike 0-2: Strikes out looking
|
|
Batting: SHB Andres Agudo
|
0-0: Called Strike 0-1: Ball 1-1: Ball 2-1: Foul Ball, location: 2F 2-2: Strikes out looking
|
|
Batting: RHB Yorkis Saiki
|
0-0: Ball 1-0: Foul Ball, location: 2F 1-1: Swinging Strike 1-2: Strikes out swinging
|
| Top of the 2nd over - 0 runs, 0 hits, 0 errors, 0 left on base; Chicago (NYP) 0 - Everett 0 |
| BOTTOM OF THE 2ND |
|
Everett AquaSox batting - Pitching for Chicago (NYP) White Sox : LHP Amari Miller
|
|
Batting: LHB Jason Kinney
|
0-0: Foul Ball, location: 2F 0-1: Foul Ball, location: 2F 0-2: Foul Ball, location: 2F 0-2: Ball 1-2: Foul Ball, location: 2F 1-2: Strikes out swinging
|
|
Batting: RHB Jose Zuniga
|
0-0: Ball 1-0: Ball 2-0: SINGLE (Groundball, 56D, EV 102.5 MPH)
|
|
Batting: LHB William Gonzales
|
0-0: Grounds into double play, 4-6-3 (Groundball, 4, EV 88.8 MPH)
|
| Bottom of the 2nd over - 0 runs, 1 hit, 0 errors, 0 left on base; Chicago (NYP) 0 - Everett 0 |
| TOP OF THE 3RD |
|
Chicago (NYP) White Sox batting - Pitching for Everett AquaSox : RHP Jose Albarran
|
|
Batting: RHB Kunimatsu Oya
|
0-0: Foul Ball, location: 2F 0-1: Ball 1-1: Ball 2-1: Ball 3-1: Base on Balls
|
|
Batting: SHB Noah Long
|
0-0: Called Strike 0-1: Swinging Strike 0-2: Strikes out swinging
|
|
Batting: SHB Tomas Caldera
|
0-0: Called Strike 0-1: Fielders Choice at 2nd, 4-6 (Groundball, 4M, EV 103.1 MPH)
|
|
Batting: RHB Bastiaan Leenders
|
0-0: Ball Tomas Caldera steals 2nd base 1-0: SINGLE (Groundball, 5S, EV 98.8 MPH) Tomas Caldera to third Runner from 3rd tries for Home, SAFE, throw by LF to home Bastiaan Leenders to second
|
|
Batting: SHB Veit Geisler
|
0-0: Ball 1-0: Ball 2-0: Ball 3-0: Called Strike 3-1: Foul Ball, location: 2F 3-2: Strikes out looking
|
| Top of the 3rd over - 1 run, 1 hit, 0 errors, 1 left on base; Chicago (NYP) 1 - Everett 0 |
| BOTTOM OF THE 3RD |
|
Everett AquaSox batting - Pitching for Chicago (NYP) White Sox : LHP Amari Miller
|
|
Batting: SHB Frank Amato
|
0-0: Foul Ball, location: 2F 0-1: Ball 1-1: Called Strike 1-2: Foul Ball, location: 2F 1-2: Ball 2-2: Ground out 2-3 (Groundball, 15S, EV 68.1 MPH)
|
|
Batting: RHB Danny Pujols
|
0-0: Called Strike 0-1: Ball 1-1: Ball 2-1: SINGLE (Flyball, 8LS, EV 94.4 MPH)
|
|
Batting: RHB Jwahir Pili
|
0-0: Foul Ball, location: 2F 0-1: Ball 1-1: Ball 2-1: Ball 3-1: Foul Ball, location: 2F 3-2: Strikes out looking
|
|
Batting: RHB Antonio Oyola
|
0-0: Ball 1-0: Called Strike 1-1: Called Strike 1-2: Ball 2-2: Strikes out swinging
|
| Bottom of the 3rd over - 0 runs, 1 hit, 0 errors, 1 left on base; Chicago (NYP) 1 - Everett 0 |
| TOP OF THE 4TH |
|
Chicago (NYP) White Sox batting - Pitching for Everett AquaSox : RHP Jose Albarran
|
|
Batting: RHB Tony Garcia
|
0-0: Called Strike 0-1: Fly out, F8 (Flyball, 89XD, EV 82.5 MPH)
|
|
Batting: RHB Tyrell Camp
|
0-0: Foul Ball, location: 2F 0-1: Swinging Strike 0-2: Strikes out swinging
|
|
Batting: SHB Andres Agudo
|
0-0: Ball 1-0: Ball 2-0: Called Strike 2-1: Ball 3-1: Base on Balls
|
|
Batting: RHB Yorkis Saiki
|
0-0: Ball 1-0: Fly out, F8 (Line Drive, 89M, EV 91.2 MPH)
|
| Top of the 4th over - 0 runs, 0 hits, 0 errors, 1 left on base; Chicago (NYP) 1 - Everett 0 |
| BOTTOM OF THE 4TH |
|
Everett AquaSox batting - Pitching for Chicago (NYP) White Sox : LHP Amari Miller
|
|
Batting: RHB Eddie Luna
|
0-0: Swinging Strike 0-1: Ball 1-1: Called Strike 1-2: Ball 2-2: Ball 3-2: Foul Ball, location: 2F 3-2: SINGLE (Groundball, 6S, EV 70.6 MPH) (infield hit)
|
|
Batting: LHB Chris Jackson
|
0-0: Called Strike 0-1: Fly out, F7 (Flyball, 7LM, EV 87.5 MPH) Runner from 1st tags up, SAFE at 2nd
|
|
Batting: LHB Jason Kinney
|
0-0: Ball 1-0: Foul Ball, location: 2F 1-1: Foul Ball, location: 2F 1-2: SINGLE (Flyball, 78S, EV 90.6 MPH) Eddie Luna to third
|
|
Batting: RHB Jose Zuniga
|
0-0: Called Strike 0-1: Fielders Choice at 2nd, 4-6 (Groundball, 4S, EV 89.4 MPH) Eddie Luna scores
|
|
Batting: LHB William Gonzales
|
0-0: Fielders Choice at 2nd, 6-4 (Groundball, 56, EV 88.1 MPH)
|
| Bottom of the 4th over - 1 run, 2 hits, 0 errors, 1 left on base; Chicago (NYP) 1 - Everett 1 |
| TOP OF THE 5TH |
|
Chicago (NYP) White Sox batting - Pitching for Everett AquaSox : RHP Jose Albarran
|
|
Batting: RHB Kunimatsu Oya
|
0-0: Ball 1-0: Called Strike 1-1: DOUBLE (Groundball, 5L, EV 101.2 MPH)
|
|
Batting: SHB Noah Long
|
0-0: Fly out, F7 (Flyball, 78S, EV 91.2 MPH)
|
|
Batting: SHB Tomas Caldera
|
0-0: Ball 1-0: Called Strike 1-1: Foul Ball, location: 2F 1-2: Strikes out swinging
|
|
Batting: RHB Bastiaan Leenders
|
0-0: Ball 1-0: Ball 2-0: Called Strike 2-1: Called Strike 2-2: Ground out U3 (Groundball, 3, EV 83.8 MPH)
|
| Top of the 5th over - 0 runs, 1 hit, 0 errors, 1 left on base; Chicago (NYP) 1 - Everett 1 |
| BOTTOM OF THE 5TH |
|
Everett AquaSox batting - Pitching for Chicago (NYP) White Sox : LHP Amari Miller
|
|
Batting: SHB Frank Amato
|
0-0: Swinging Strike 0-1: Swinging Strike 0-2: Strikes out swinging
|
|
Batting: RHB Danny Pujols
|
0-0: Ball 1-0: Ball 2-0: Called Strike 2-1: Swinging Strike 2-2: Ball 3-2: Strikes out swinging
|
|
Batting: RHB Jwahir Pili
|
0-0: Foul Ball, location: 2F 0-1: Called Strike 0-2: Ball 1-2: Ball 2-2: Strikes out swinging
|
| Bottom of the 5th over - 0 runs, 0 hits, 0 errors, 0 left on base; Chicago (NYP) 1 - Everett 1 |
| TOP OF THE 6TH |
|
Chicago (NYP) White Sox batting - Pitching for Everett AquaSox : RHP Jose Albarran
|
|
Batting: SHB Veit Geisler
|
0-0: Fly out, F9 (Line Drive, 9, EV 94.4 MPH)
|
|
Batting: RHB Tony Garcia
|
0-0: Ball 1-0: SINGLE (Groundball, 4S, EV 95.0 MPH)
|
|
Batting: RHB Tyrell Camp
|
0-0: Ball 1-0: Ball 2-0: Ball 3-0: Called Strike 3-1: Foul Ball, location: 2F 3-2: Base on Balls Tony Garcia to second
|
|
Batting: SHB Andres Agudo
|
0-0: Called Strike 0-1: Ball 1-1: Ball 2-1: Foul Ball, location: 2F 2-2: Foul Ball, location: 2F 2-2: DOUBLE (Line Drive, 78D, EV 103.1 MPH) Tony Garcia scores Tyrell Camp to third
|
|
Batting: RHB Yorkis Saiki
|
0-0: Ball 1-0: Called Strike 1-1: Ball 2-1: Ball 3-1: DOUBLE (Flyball, 8RXD, EV 93.1 MPH) Tyrell Camp scores Andres Agudo scores
|
|
Batting: RHB Kunimatsu Oya
|
0-0: Foul Ball, location: 2F 0-1: Called Strike 0-2: Strikes out looking
|
|
Batting: SHB Noah Long
|
0-0: Called Strike 0-1: Called Strike 0-2: Ground out U3 (Groundball, 3, EV 90.0 MPH)
|
| Top of the 6th over - 3 runs, 3 hits, 0 errors, 1 left on base; Chicago (NYP) 4 - Everett 1 |
| BOTTOM OF THE 6TH |
|
Everett AquaSox batting - Pitching for Chicago (NYP) White Sox : LHP Amari Miller
|
|
Batting: RHB Antonio Oyola
|
0-0: Fly out, F9 (Flyball, 89S, EV 87.5 MPH)
|
|
Batting: RHB Eddie Luna
|
0-0: Ball 1-0: Swinging Strike 1-1: Ball 2-1: Foul Ball, location: 2F 2-2: Foul Ball, location: 2F 2-2: Strikes out swinging
|
|
Batting: LHB Chris Jackson
|
0-0: Called Strike 0-1: Foul Ball, location: 2F 0-2: Foul Ball, location: 2F 0-2: Ball 1-2: Strikes out swinging
|
| Bottom of the 6th over - 0 runs, 0 hits, 0 errors, 0 left on base; Chicago (NYP) 4 - Everett 1 |
| TOP OF THE 7TH |
|
Chicago (NYP) White Sox batting - Pitching for Everett AquaSox : RHP Jose Albarran
|
|
Batting: SHB Tomas Caldera
|
0-0: Foul Ball, location: 2F 0-1: Called Strike 0-2: Foul Ball, location: 2F 0-2: Ball 1-2: Reached on error, E6 (Groundball, 6, EV 86.9 MPH)
|
|
Pitching: RHP Eric Dixon
|
|
|
Batting: RHB Bastiaan Leenders
|
0-0: Ball 1-0: Sac Bunt to 13S - play at first, batter OUT! 1-3 Tomas Caldera to second
|
|
Batting: SHB Veit Geisler
|
0-0: Ball 1-0: Foul Ball, location: 2F 1-1: Hit by Pitch
|
|
Batting: RHB Tony Garcia
|
0-0: Grounds into double play, 6-4-3 (Groundball, 6, EV 81.2 MPH)
|
| Top of the 7th over - 0 runs, 0 hits, 1 error, 1 left on base; Chicago (NYP) 4 - Everett 1 |
| BOTTOM OF THE 7TH |
|
Everett AquaSox batting - Pitching for Chicago (NYP) White Sox : LHP Amari Miller
|
|
Pitching: RHP Mario Arce
|
|
|
Batting: LHB Jason Kinney
|
0-0: Called Strike 0-1: Ball 1-1: Foul Ball, location: 2F 1-2: SINGLE (Line Drive, 6D, EV 106.2 MPH)
|
|
Batting: RHB Jose Zuniga
|
0-0: Ball 1-0: Ball 2-0: Called Strike 2-1: SINGLE (Flyball, 89S, EV 97.5 MPH) Jason Kinney to second Runner from 2nd tries for 3rd, SAFE, throw by RF made to third
|
|
Batting: LHB William Gonzales
|
0-0: Ball 1-0: Called Strike 1-1: Ball 2-1: Foul Ball, location: 2F 2-2: Ball 3-2: Fielders Choice at 2nd, 4-6 (Groundball, 4, EV 80.0 MPH) Jason Kinney scores
|
|
Batting: SHB Frank Amato
|
0-0: Called Strike 0-1: Foul Ball, location: 2F 0-2: DOUBLE (Flyball, 89D, EV 96.2 MPH) William Gonzales to third
|
|
Batting: RHB Danny Pujols
|
0-0: Ground out 2-3 (Groundball, 13S, EV 64.4 MPH)
|
|
Batting: LHB Ryan Daniels
|
0-0: Called Strike 0-1: Hit by Pitch
|
|
Batting: RHB Antonio Oyola
|
0-0: Called Strike 0-1: Ball Wild Pitch! William Gonzales scores Frank Amato to third Ryan Daniels to second 1-1: Called Strike 1-2: Ball 2-2: Ball 3-2: Strikes out swinging
|
| Bottom of the 7th over - 2 runs, 3 hits, 0 errors, 2 left on base; Chicago (NYP) 4 - Everett 3 |
| TOP OF THE 8TH |
|
Chicago (NYP) White Sox batting - Pitching for Everett AquaSox : RHP Eric Dixon
|
|
Batting: RHB Tyrell Camp
|
0-0: Fly out, F8 (Flyball, 78M, EV 98.8 MPH)
|
|
Batting: SHB Andres Agudo
|
0-0: Swinging Strike 0-1: Called Strike 0-2: Ball 1-2: Ball 2-2: Strikes out swinging
|
|
Batting: RHB Yorkis Saiki
|
0-0: Called Strike 0-1: Swinging Strike 0-2: Foul Ball, location: 2F 0-2: Ball 1-2: Ball 2-2: Strikes out swinging
|
| Top of the 8th over - 0 runs, 0 hits, 0 errors, 0 left on base; Chicago (NYP) 4 - Everett 3 |
| BOTTOM OF THE 8TH |
|
Everett AquaSox batting - Pitching for Chicago (NYP) White Sox : RHP Mario Arce
|
|
Batting: RHB Eddie Luna
|
0-0: Ball 1-0: Called Strike 1-1: Ground out 6-3 (Groundball, 56, EV 85.6 MPH)
|
|
Batting: LHB Chris Jackson
|
0-0: SINGLE (Groundball, P, EV 86.2 MPH) (infield hit)
|
|
Batting: LHB Jason Kinney
|
0-0: Called Strike 0-1: Ball 1-1: Fly out, F7 (Flyball, 7LS, EV 76.9 MPH)
|
|
Batting: RHB Jose Zuniga
|
0-0: Called Strike 0-1: Ball 1-1: Ball 2-1: Ground out 6-3 (Groundball, 6M, EV 88.8 MPH)
|
| Bottom of the 8th over - 0 runs, 1 hit, 0 errors, 1 left on base; Chicago (NYP) 4 - Everett 3 |
| TOP OF THE 9TH |
|
Chicago (NYP) White Sox batting - Pitching for Everett AquaSox : RHP Eric Dixon
|
|
Batting: RHB Kunimatsu Oya
|
0-0: Foul Ball, location: 2F 0-1: Ball 1-1: Foul Ball, location: 2F 1-2: Ground out 6-3 (Groundball, 6, EV 110.0 MPH)
|
|
Batting: SHB Noah Long
|
0-0: Ball 1-0: Ball 2-0: Foul Ball, location: 2F 2-1: DOUBLE (Flyball, 8LXD, EV 108.8 MPH)
|
|
Batting: SHB Tomas Caldera
|
0-0: Called Strike 0-1: Ball 1-1: Foul Ball, location: 2F 1-2: Ball 2-2: Foul Ball, location: 2F 2-2: Ball 3-2: Base on Balls
|
|
Pitching: RHP Matt Lane
|
|
|
Batting: RHB Bastiaan Leenders
|
0-0: Ball 1-0: Ball 2-0: SINGLE (Line Drive, 8RS, EV 93.1 MPH) Noah Long to third Tomas Caldera to second Runner from 3rd tries for Home, SAFE, throw by CF to home
|
|
Batting: SHB Veit Geisler
|
0-0: Ball 1-0: Foul Ball, location: 2F 1-1: Ball 2-1: Foul Ball, location: 2F 2-2: Strikes out swinging
|
|
Batting: RHB Tony Garcia
|
0-0: Fly out, F7 (Flyball, 78D, EV 96.2 MPH)
|
| Top of the 9th over - 1 run, 2 hits, 0 errors, 2 left on base; Chicago (NYP) 5 - Everett 3 |
| BOTTOM OF THE 9TH |
|
Everett AquaSox batting - Pitching for Chicago (NYP) White Sox : RHP Mario Arce
|
|
Pitching: LHP Jonas Jennings
|
|
|
Batting: LHB William Gonzales
|
0-0: Foul Ball, location: 2F 0-1: Ball 1-1: Swinging Strike 1-2: Ball 2-2: Strikes out looking
|
|
Batting: SHB Frank Amato
|
0-0: Called Strike 0-1: DOUBLE (Groundball, 5L, EV 106.2 MPH)
|
|
Batting: RHB Danny Pujols
|
0-0: Ball 1-0: Ball 2-0: Ball 3-0: Called Strike 3-1: Base on Balls
|
|
Batting: RHB Jung-wan Aan
|
0-0: SINGLE (Line Drive, 7S, EV 93.1 MPH) Frank Amato to third Danny Pujols to second
|
|
Batting: RHB Antonio Oyola
|
0-0: Ball 1-0: Ball 2-0: Swinging Strike 2-1: Called Strike 2-2: Ball 3-2: Base on Balls Frank Amato scores Danny Pujols to third Jung-wan Aan to second
|
|
Batting: RHB Eddie Luna
|
0-0: Ball 1-0: Called Strike 1-1: Ball 2-1: SINGLE (Groundball, 56D, EV 98.8 MPH) Danny Pujols scores Jung-wan Aan to third Antonio Oyola to second Runner from 3rd tries for Home, SAFE, throw by LF to home
|
| Bottom of the 9th over - 3 runs, 3 hits, 0 errors, 2 left on base; Chicago (NYP) 5 - Everett 6 |
|